 Dungeon Crawl Stone Soup version 0.18-a0-1160-geb89fc2 (webtiles) character file.

42 namelastname112 the Scratcher (level 3, 0/15 HPs)
             Began as a Felid Transmuter on Jan 25, 2016.
             Slain by an adder (2 damage)
             ... on level 2 of the Dungeon.
             The game lasted 00:02:50 (1501 turns).

namelastname112 the Scratcher (Felid Transmuter)    Turns: 1501, Time: 00:02:51

Health: 0/15       AC:  1    Str:  6    XL:     3   Next: 33%
Magic:  7/7        EV: 18    Int: 15    God:
Gold:   68         SH:  0    Dex: 16    Spells: 3 memorised, 0 levels left
                                        Lives:  0   Deaths: 0

rFire  . . .     SeeInvis +       - Unarmed
rCold  . . .     Gourm    .     (armour unavailable)
rNeg   . . .     Faith    .     (shield unavailable)
rPois  .         Spirit   .     (helmet unavailable)
rElec  .         Dismiss  .     (cloak unavailable)
rCorr  .         Reflect  .     (gloves unavailable)
SustAt .         Harm     .     (boots unavailable)
MR     .....                    (no amulet)
Stlth  ++........               (no ring)
                                (no ring)

@: lethally poisoned (0 -> -18), very slightly contaminated, hasted, very quick,
not resistant to hostile enchantments, unstealthy
A: no armour, no weapons or thrown items, claws 1, fangs 3, see invisible,
carnivore 3, speed 1, shaggy fur 1, slow metabolism 1, sharp paws
a: no special abilities


You were on level 2 of the Dungeon.
You were very full.

You visited 1 branch of the dungeon, and saw 2 of its levels.

You collected 68 gold pieces.

Inventory:

Missiles
 a - 30 arrows
Scrolls
 e - 2 scrolls of enchant armour {unknown}
 g - a scroll of noise {unknown}
 h - a scroll of random uselessness {unknown}
 i - a scroll of recharging {unknown}
Books
 b - a book of Changes

   Spells                             Type                      Level
   a - Beastly Appendage              Transmutation                1
   b - Sticks to Snakes               Transmutation                2
   c - Spider Form                    Transmutation/Poison         3
   d - Ice Form                       Ice/Transmutation            4
   e - Blade Hands                    Transmutation                5
Comestibles
 c - a meat ration
 d - 2 beef jerkies


   Skills:
 + Level 1.2 Fighting
 + Level 2.9 Dodging
 + Level 0.4 Stealth
 * Level 3.3 Unarmed Combat
 - Level 2.4 Spellcasting
 - Level 3.1 Transmutations


You couldn't memorise any spells.
You knew the following spells:

 Your Spells              Type           Power        Failure   Level  Hunger
a - Beastly Appendage     Trmt           ##....       8%          1    #......
b - Spider Form           Trmt/Pois      #.........   34%         3    ###....
x - Sticks to Snakes      Trmt           ##......     12%         2    ###....


Dungeon Overview and Level Annotations

Branches:
Dungeon (2/15)

Altars:


Innate Abilities, Weirdness & Mutations

You cannot wear armour.
You are incapable of wielding weapons or throwing items.
You have sharp claws.
You have razor-sharp teeth.
You have supernaturally acute eyesight.
You are carnivorous and can eat meat at any time.
You cover ground quickly.
You are covered in fur (AC +1).
You have a slow metabolism.
Your sharp claws are effective at attacking unaware monsters.


Message History

Found a stone staircase leading up.
There is a stone staircase leading up here.
An adder comes into view.
You miss the adder. The adder closely misses you.
You closely miss the adder. The adder bites you.
You closely miss the adder. The adder bites you.
You scratch the adder but do no damage. The adder bites you.
You are lethally poisoned!
The adder poisons you! The adder closely misses you.
Drink which item? (? for menu, Esc to quit)
It was a potion of haste.
You feel yourself speed up.
You feel sick. The adder bites you.
* * * LOW HITPOINT WARNING * * *
You are very lightly contaminated with residual magic.
Drink which item? (? for menu, Esc to quit)
It was a potion of poison.
That liquid tasted very nasty...
You are more poisoned.
* * * LOW HITPOINT WARNING * * *
You feel sick. The adder bites you.
You die...

#...##.###
#........[. #...##.#
.# ###########
#...##.####.# ..
...>........# ...
######......# ######
...########......###
#.....
#......[...........#
#.####
#.........#.....#
#.#
#............@S.#
#.#
#.........<##......#
#.#
###.#..#.###.######
#.# #.#..#.# #.# ###
#.# #.#....# #.#
#.#######.#
#.#.##.###.#
#.........#
#..........#
#.#########
#..####.######.#
#..............#


You could see an adder.

Vanquished Creatures
  An adder (D:2)
  A giant gecko (D:1)
  9 bats
  4 goblins
  3 hobgoblins (D:1)
  2 jackals (D:2)
  A ball python (D:1)
  A giant newt (D:1)
  3 kobolds (D:1)
  4 rats
29 creatures vanquished.

Vanquished Creatures (collateral kills)
  A kobold (D:1)
1 creature vanquished.

Grand Total: 30 creatures vanquished

Notes
Turn   | Place    | Note
--------------------------------------------------------------
     0 | D:1      | namelastname112 the Felid Transmuter began the quest for the Orb.
     0 | D:1      | Reached XP level 1. HP: 9/9 MP: 4/4
     6 | D:1      | Noticed a salamander
     6 | D:1      | Noticed a lindwurm
     6 | D:1      | Noticed an iguana
     7 | D:1      | Noticed a six-headed hydra
   333 | D:1      | Reached XP level 2. HP: 12/12 MP: 6/6
   337 | D:1      | Learned a level 2 spell: Sticks to Snakes
  1221 | D:2      | Reached XP level 3. HP: 8/15 MP: 5/7
  1233 | D:2      | Learned a level 3 spell: Spider Form
  1501 | D:2      | Slain by an adder

Vault maps used:
D:1:      onia_arrival_zoo_common
D:2:      lemuel_zombie_altar_yredelemnul, first_bread,
          okawaru_ov_weapons_minmay

Action                   || total
-------------------------++-------
Melee: Unarmed           ||    87
 Cast: Beastly Appendage ||     5
       Sticks to Snakes  ||     1
  Use: Potion            ||     2
 Stab: Sleeping          ||     3
  Eat: Chunk             ||     8
